 Dungeon Crawl Stone Soup version 0.31-a0-174-g85c54bcb58 (webtiles) character file.

Game seed: 13809750055575148127

42 Moral the Trooper (level 3, 0/20 HPs)
             Began as a Vine Stalker Fighter on June 16, 2023.
             Was a High Priest of Ignis.
             Slain by a hobgoblin (4 damage)
             ... on level 2 of the Dungeon.
             The game lasted 00:03:07 (1140 turns).

Moral the Trooper (Vine Stalker Fighter)            Turns: 1140, Time: 00:03:07

Health: 0/20       AC: 11    Str: 20    XL:     3   Next: 56%
Magic:  0/4        EV:  5    Int:  8    God:    Ignis [*****.]
Gold:   35         SH:  4    Dex: 13    Spells: 2/2 levels left

rFire   + .          .
                       - Unarmed
rCold   . . .        b - +0 buckler
rNeg    . . .        g - +0 plate armour
rPois   .            (no helmet)
rElec   .            (no cloak)
rCorr   .            (no gloves)
SInv    .            (no boots)
Will    .....        (no amulet) Stlth
                     (no ring)
HPRegen 0.23/turn    (no ring)
MPRegen 0.09/turn

%: guardian spirit
@: no status effects
A: fangs 2, magic shield, antimagic bite, no potion heal 2
a: Renounce Religion, Fiery Armour, Foxfire Swarm, Rising Flame


You were on level 2 of the Dungeon.
You worshipped Ignis.
Ignis was extremely pleased with you.
You visited 1 branch of the dungeon, and saw 2 of its levels.

You collected 35 gold pieces.

Inventory:

Armour
 b - a +0 buckler (worn)
 g - a +0 plate armour (worn)
Scrolls
 d - 2 scrolls of immolation {unknown}
 f - a scroll of noise {unknown}
 i - a scroll of identify {unknown}
Potions
 a - 2 potions of haste {unknown}
 c - 2 potions of might
 e - a potion of heal wounds {unknown}
 h - a potion of mutation {unknown}


   Skills:
 * Level 3.0 Fighting
 + Level 2.6 Armour
 * Level 2.0 Stealth
 + Level 2.8 Shields
 * Level 2.4 Unarmed Combat


You had 2 spell levels left.
You didn't know any spells.
Your spell library contained the following spells:

 Spells                   Type           Power      Damage    Failure   Level
 Apportation              Tloc           0%         N/A       100%        1
 Necrotise                Necr           0%         1d4       100%        1
 Summon Small Mammal      Summ           0%         N/A       100%        1
 Static Discharge         Conj/Air       0%         2-2/arc   100%        2
 Airstrike                Air            0%         2d(0-16)  100%        4
 Summon Lightning Spire   Summ/Air       0%         N/A       100%        4


Dungeon Overview and Level Annotations

Branches:
Dungeon (2/15)

Altars:
Ignis

Shops:
D:1 [


Innate Abilities, Weirdness & Mutations

You have extremely sharp teeth.
When hurt, damage is shared between your health and your magic reserves.
Your bite disrupts and absorbs the magic of your enemies.
Potions cannot restore your health.


Message History

You hear a shout!
A kobold comes into view. It is wielding a +0 short sword.
A hobgoblin comes into view.
The rat moves out of view.
The kobold shouts!
You miss the quokka.
The quokka bites you but does no damage.
You barely miss the quokka. Your bite misses the quokka.
The quokka closely misses you.
You closely miss the quokka.
The quokka bites you but does no damage.
You closely miss the quokka.
The quokka bites you but does no damage.
The endoplasm freezes you.
You are frozen.
A hobgoblin breaks down the door.
You miss the quokka.
The quokka bites you but does no damage.
The endoplasm freezes you.
You are frozen.
The quokka barely misses you.
You hit the quokka.
The quokka is moderately wounded.
The hobgoblin hits you. The endoplasm freezes you.
You are frozen.
The quokka closely misses you.
You hit the quokka but do no damage. You bite the quokka, but do no damage.
The quokka is moderately wounded.
The endoplasm freezes you.
You are frozen.
* * * LOW HITPOINT WARNING * * *
The kobold hits you but does no damage.
The quokka bites you but does no damage.
Activating: Foxfire Swarm
Press: ? - help, Dir - look around, f - activate Flames leap up around you!
The endoplasm freezes you.
You are frozen.
* * * LOW HITPOINT WARNING * * *
The hobgoblin hits you but does no damage.
The hobgoblin hits you.
You die...

#.####### #........
#######.#######
#..............
#.#####.######.
#.....#.# #.
###+#########.######.
#.vggvv..............
#.vJ@##..>...........
#.vrK##.#............
.....vr###.#............
.###... #.#.....#+#+##.
!.##. #.#............
... #. #.#.......#.###
#$. #. #.#....)..#.###
## .. #.#.##....#.#..
#.#+###...#....


You could see an endoplasm (ally target), a quokka, 2 hobgoblins, a kobold and a
rat (ally target).

Vanquished Creatures
  A worm (D:2)
  4 endoplasms
  2 giant cockroaches (D:1)
  4 hobgoblins
  2 jackals (D:1)
  2 quokkas (D:1)
  8 ball pythons (D:1)
  3 bats
  A frilled lizard (D:1)
  3 goblins
  3 kobolds
  3 rats (D:1)
36 creatures vanquished.

Notes
Turn   | Place    | Note
-------+----------+-------------------------------------------
     0 | D:1      | Moral the Vine Stalker Fighter began the quest for the Orb.
     0 | D:1      | Reached XP level 1. HP: 11/11 MP: 2/2
   123 | D:1      | Reached XP level 2. HP: 16/16 MP: 3/3
   124 | D:1      | Reached skill level 1 in Stealth
   151 | D:1      | Found Xesewe's Antique Armour Shoppe.
   343 | D:1      | Found a faded altar of an unknown god.
   403 | D:1      | Prayed at the altar of an unknown god.
   403 | D:1      | Became a worshipper of Ignis, the Dying Flame
   496 | D:1      | Reached XP level 3. HP: 19/19 MP: 4/4
   515 | D:1      | Reached skill level 3 in Fighting
   815 | D:1      | You fall into a shaft and drop 1 floor!
  1140 | D:2      | Slain by a hobgoblin

Illustrated notes

Levels and vault maps discovered:
D:1:      sevenhm_arrival_forest_fort_large_4, layout_loops_ring,
          nicolae_ecumenical_snake_handling, serial_shops,
          nicolae_shop_just_a_little_nook
D:2:      wad_lake_hut, layout_basic, nicolae_hexahallways, minmay_tetromino_l4

Skill      XL: |  1  2  3 |
---------------+----------+-----
Stealth        | 1 2 |  2.0
Fighting       | 3 |  3.0
Armour         | |  2.6
Shields        | |  2.8
Unarmed Combat | |  2.4

Action                     || total
---------------------------++-------
  Melee: Unarmed           ||    98
         Bite              ||    23
 Invoke: Foxfire Swarm     ||     1
 Armour: Scale mail        ||    28
         Plate armour      ||    23
  Dodge: Dodged            ||    50
  Block: Buckler           ||    21

Table legend: (Time is in decaauts)
 A = Elapsed time spent in this place.
 B = Non-inter-level travel time spent in this place.
 C = Inter-level travel time spent in this place.
 D = Time resting spent in this place.
 E = Time spent auto-exploring this place.
 F = Levels seen in this place.
 G = Mean time per level.
                   A        B        C        D        E       F      G
               +--------+--------+--------+--------+--------+-----+--------+
         Total |   1139 |   1139 |      0 |      0 |    875 |   2 |  569.5 |
       Dungeon |   1139 |   1139 |      0 |      0 |    875 |   2 |  569.5 |
               +--------+--------+--------+--------+--------+-----+--------+

Top non-repeatable levels by time:
     D:1: 815 daAuts
     D:2: 324 daAuts
